 Dungeon Crawl Stone Soup version 0.29-a0-322-g68df515428 (webtiles) character file.

Game seed: 5524366793328662891

96 PaleWalker the Chopper (level 4, -6/41 HPs)
             Began as a Hill Orc Fighter on Apr 5, 2022.
             Mangled by a gnoll
             ... wielding a +0 halberd
              (9 damage)
             ... on level 3 of the Dungeon.
             The game lasted 00:03:00 (1992 turns).

PaleWalker the Chopper (Hill Orc Fighter)           Turns: 1992, Time: 00:03:01

Health: -6/41      AC: 12    Str: 20    XL:     4   Next: 67%
Magic:  4/4        EV:  5    Int:  8    God:
Gold:   104        SH:  4    Dex: 10    Spells: 3/3 levels left

rFire   . . .      SeeInvis .   a - +0 war axe
rCold   . . .      Faith    .   c - +0 buckler
rNeg    . . .      Spirit   .   k - +0 plate armour
rPois   .          Reflect  .   (no helmet)
rElec   .          Harm     .   (no cloak)
rCorr   .          Rampage  .   p - +0 pair of gloves
Will    .....                   (no boots)
Stlth   ..........              (no amulet)
HPRegen 0.13/turn               (no ring)
MPRegen 0.09/turn               (no ring)

@: no status effects
A: no striking features
a: no special abilities


You were on level 3 of the Dungeon.
You visited 1 branch of the dungeon, and saw 3 of its levels.

You collected 104 gold pieces.

Inventory:

Hand Weapons
 a - a +0 war axe (weapon)
Missiles
 f - 3 boomerangs (quivered)
Armour
 b - a +0 scale mail
 c - a +0 buckler (worn)
 d - a +0 helmet
 j - a +0 chain mail
 k - a +0 plate armour (worn)
 p - a +0 pair of gloves (worn)
Scrolls
 e - 3 scrolls of identify {unknown}
 l - 2 scrolls of teleportation {unknown}
 m - a scroll of summoning {unknown}
 q - a scroll of acquirement {unknown}
 s - a scroll of torment {unknown}
 t - a scroll of immolation {unknown}
Potions
 g - a potion of brilliance {unknown}
 h - a potion of flight {unknown}
 i - a potion of resistance {unknown}
 n - a potion of curing {unknown}
 o - a potion of cancellation {unknown}
 r - a potion of lignification {unknown}


   Skills:
 + Level 4.6 Fighting
 * Level 5.4 Axes
 - Level 3.2 Armour
 - Level 3.2 Shields


You had 3 spell levels left.
You didn't know any spells.
Your spell library contained the following spells:

 Spells                   Type           Power      Damage    Failure   Level
 Gell's Gravitas          Tloc           0%         N/A       100%        3
 Lesser Beckoning         Tloc           0%         N/A       100%        3
 Teleport Other           Tloc           0%         N/A       100%        3


Dungeon Overview and Level Annotations

Branches:
Dungeon (3/15)

Altars:


Message History

2 gnolls come into view.
Found a hunting sling.
The gnoll shouts! x2; You hear a shout!
A gnoll comes into view. It is wielding a +0 spear.
You slash the gnoll!
The gnoll is severely wounded.
The gnoll hits you but does no damage.
The gnoll hits you from afar with a +0 halberd.
You hit the gnoll.
The gnoll is severely wounded.
The gnoll hits you but does no damage. You block the gnoll's attack.
You hit the gnoll.
You kill the gnoll!
The gnoll hits you from afar with a +0 halberd.
The gnoll hits you but does no damage. The gnoll hits you with a +0 halberd!
You see here a +0 club.
The gnoll shouts!
You hit the gnoll but do no damage.
You hear a shout!
The gnoll hits you with a +0 halberd!
You closely miss the gnoll. The gnoll hits you with a +0 halberd!
You barely miss the gnoll. The gnoll hits you but does no damage.
The gnoll hits you with a +0 halberd.
* * * LOW HITPOINT WARNING * * *
You hit the gnoll.
The gnoll is lightly wounded.
The gnoll barely misses you. The gnoll hits you but does no damage.
You closely miss the gnoll.
The gnoll is lightly wounded.
The gnoll barely misses you. x2
You slash the gnoll!
The gnoll is almost dead.
You block the gnoll's attack. x2
You barely miss the gnoll.
The gnoll is almost dead.
The gnoll hits you from afar with a +0 spear.
* * * LOW HITPOINT WARNING * * *
The gnoll hits you but does no damage. The gnoll hits you with a +0 halberd!
You die...

#.....# #.##.# #####.#
#.##.# # #.# #<##.# #.
#.# #.##.# ###.## #.#
#.##.# .....### #.# ..#
.# ##.#.#...### #.#
......$....####.##.###.
##.#.#....g@...........
#..>..###.##.####.####
#####. #g##.# .. .g
#.##.# ## #g. #.##.#
..) #..... #..g .....#
...... ####


You could see 2 gnolls.

Vanquished Creatures
  Robin (D:3)
  A gnoll (D:3)
  An adder (D:3)
  3 worms (D:2)
  2 dart slugs (D:2)
  An orc (D:2)
  4 ball pythons
  4 bats
  4 endoplasms
  2 giant cockroaches
  15 goblins
  A hobgoblin (D:1)
  A quokka (D:2)
  A frilled lizard (D:2)
  4 kobolds
  3 rats
48 creatures vanquished.

Notes
Turn   | Place    | Note
-------+----------+-------------------------------------------
     0 | D:1      | PaleWalker the Hill Orc Fighter began the quest for the
                  | Orb.
     0 | D:1      | Reached XP level 1. HP: 19/19 MP: 1/1
   661 | D:1      | Reached skill level 3 in Axes
   857 | D:2      | Reached XP level 2. HP: 23/27 MP: 2/2
  1006 | D:2      | Reached skill level 4 in Axes
  1006 | D:2      | Reached XP level 3. HP: 33/33 MP: 3/3
  1466 | D:2      | Found a faded altar of an unknown god.
  1755 | D:3      | Noticed Robin
  1762 | D:3      | Killed Robin
  1763 | D:3      | Reached XP level 4. HP: 29/41 MP: 4/4
  1771 | D:3      | Reached skill level 5 in Axes
  1992 | D:3      | Mangled by a gnoll

Illustrated notes

Levels and vault maps discovered:
D:1:      dpeg_arrival_short_road, layout_loops_corners, hangedman_decor_push,
          palyth_stone_intersect
D:2:      wad_pebble_path, layout_loops_ring, ebering_ecumenical_altar_abandoned
D:3:      layout_loops_ring, uniq_robin, uniq_grinder

Skill      XL: |  1  2  3  4 |
---------------+-------------+-----
Axes           | 3 4 5 |  5.4
Fighting       | 4 |  4.6
Armour         | |  3.2
Shields        | |  3.2

Action                   |  1- 3 |  4- 6 || total
-------------------------+-------+-------++-------
Melee: War axe           |    78 |    44 ||   122
  Use: Potion            |     1 |       ||     1
Armor: Scale mail        |    10 |       ||    10
       Plate armour      |    56 |    26 ||    82
       Chain mail        |     1 |       ||     1
Dodge: Dodged            |    12 |     8 ||    20
Block: Buckler           |    14 |    10 ||    24

Table legend: (Time is in decaauts)
 A = Elapsed time spent in this place.
 B = Non-inter-level travel time spent in this place.
 C = Inter-level travel time spent in this place.
 D = Time resting spent in this place.
 E = Time spent auto-exploring this place.
 F = Levels seen in this place.
 G = Mean time per level.
                   A        B        C        D        E       F      G
               +--------+--------+--------+--------+--------+-----+--------+
         Total |   2031 |   1963 |     68 |      3 |   1597 |   3 |  677.0 |
       Dungeon |   2031 |   1963 |     68 |      3 |   1597 |   3 |  677.0 |
               +--------+--------+--------+--------+--------+-----+--------+

Top non-repeatable levels by time:
     D:2: 920 daAuts
     D:1: 851 daAuts
     D:3: 258 daAuts
